 Dungeon Crawl Stone Soup version 0.31-a0-210-gccc998df9b (webtiles) character file.

Game seed: 1438421660706612893

75 qw the Shooter (level 4, -3/36 HPs)
             Began as a Minotaur Hexslinger on June 29, 2023.
             Killed from afar by an orc wizard (7 damage)
             ... with a puff of flame
             ... on level 3 of the Dungeon.
             The game lasted 00:00:39 (1466 turns).

qw the Shooter (Minotaur Hexslinger)                Turns: 1466, Time: 00:00:39

Health: -3/36      AC:  6    Str: 13    XL:     4   Next: 11%
Magic:  4/4        EV: 11    Int: 10    God:
Gold:   2          SH:  0    Dex: 14    Spells: 4/5 levels left

rFire   . . .        Y - +1 sling (freeze)
rCold   . . .        (no shield)
rNeg    . . .        e - +0 ring mail
rPois   .            (helmet restricted)
rElec   .            (no cloak)
rCorr   .            (no gloves)
SInv    .            d - +0 pair of boots
Will    .....        (no amulet)
Stlth   +            (no ring)
HPRegen 0.26/turn    (no ring)
MPRegen 0.09/turn

%: no passive effects
@: no status effects
A: horns 2, retaliatory headbutt
a: no special abilities


You were on level 3 of the Dungeon.
You visited 1 branch of the dungeon, and saw 3 of its levels.

You collected 135 gold pieces.
You spent 133 gold pieces at shops.


Innate Abilities, Weirdness & Mutations

You have a pair of horns on your head.
You reflexively headbutt those who attack you in melee.


   Skills:
 - Level 2.0 Fighting
 + Level 4.4 Ranged Weapons
 - Level 1.1 Armour
 - Level 2.1 Dodging
 - Level 1.0 Spellcasting
 - Level 2.0 Hexes


You had 4 spell levels left.
You knew the following spells:

 Your Spells              Type           Power      Damage    Failure   Level
a - Slow                  Hex            16%        N/A       32%         1

Your spell library contained the following spells:

 Spells                   Type           Power      Damage    Failure   Level
 Inner Flame              Hex/Fire       2%         N/A       82%         3
 Portal Projectile        Hex/Tloc       4%         N/A       82%         3
 Cause Fear               Hex            2%         N/A       97%         4

Inventory:

Hand Weapons
 Y - a +1 sling of freezing (weapon)
Armour
 d - a +0 pair of boots (worn)
 e - a +0 ring mail (worn)
Scrolls
 f - 2 scrolls of identify
Potions
 a - a potion of mutation
 b - a potion of heal wounds {unknown}
 g - a potion of haste
 h - a potion of curing {unknown}

Dungeon Overview and Level Annotations

Branches:
Dungeon (3/15)

Altars:
Makhleb

Shops:
D:3 ?


Message History

You shoot a sling bullet. The sling bullet hits the dart slug.
The sling bullet freezes the dart slug.
The dart slug is severely wounded.
Something hits you but does no damage. The dart slug closely misses you.
You hear some strange, mumbled words.
Something tries to affect you, but you resist.
You shoot a sling bullet. The sling bullet hits the dart slug.
The sling bullet freezes the dart slug.
The dart slug is almost dead.
The dart slug closely misses you. Something hits you but does no damage.
You shoot a sling bullet. The sling bullet hits the dart slug.
The sling bullet freezes the dart slug.
You kill the dart slug!
Something hits you.
You shoot a sling bullet.
Something hits you but does no damage. x2
You shoot a sling bullet.
You hear some strange, mumbled words.
A puff of flame appears from out of thin air!
The puff of flame hits you!
You shoot a sling bullet. Something hits you but does no damage.
You shoot a sling bullet. Something hits you.
You shoot a sling bullet. Something hits you. x2
You shoot a sling bullet. Something hits you but does no damage.
You shoot a sling bullet. Something hits you but does no damage.
You shoot a sling bullet. Something hits you.
Something hits you but does no damage.
You shoot a sling bullet. The orc wizard shouts!
The sling bullet hits the orc wizard.
The sling bullet freezes the orc wizard.
The orc wizard is heavily wounded.
The orc wizard casts a spell at you. The puff of flame hits you!
You die...

#..
###...........#
#.
#.##........# #
###.##..#####.#
#...##.......)#
#o####.###.....
#......# ####
#..##### #).#
#@.# ......{.)#
........##
.....#### .....
.... ... ...


You could see an orc wizard.

Vanquished Creatures
  3 adders (D:2)
  2 dart slugs
  3 orcs (D:3)
  8 ball pythons
  3 giant cockroaches
  2 goblins (D:2)
  6 hobgoblins (D:1)
  7 bats
  5 kobolds
  3 rats
42 creatures vanquished.

Notes
Turn   | Place    | Note
-------+----------+-------------------------------------------
     0 | D:1      | qw the Minotaur Hexslinger began the quest for the Orb.
     0 | D:1      | Reached XP level 1. HP: 16/16 MP: 1/1
     0 | D:1      | 0 ||| qw: Version: 0.3-a-24-ga2abf7b
     0 | D:1      | 0 ||| qw: Game counter: 6920
     0 | D:1      | 0 ||| qw: Melee chars always use a shield: true
     0 | D:1      | 0 ||| qw: God list: Okawaru
     0 | D:1      | 0 ||| qw: Allow faded altars: false
     0 | D:1      | 0 ||| qw: Do Orc after clearing Dungeon:15 true
     0 | D:1      | 0 ||| qw: Do second Lair branch before Depths: true
     0 | D:1      | 0 ||| qw: Lair rune preference: random
     0 | D:1      | 0 ||| qw: Goals: Normal
     0 | D:1      | 0 ||| PLANNING D:1-11
    66 | D:1      | You fall into a shaft and drop 1 floor!
   116 | D:2      | Reached skill level 3 in Ranged Weapons
   128 | D:2      | Reached XP level 2. HP: 23/23 MP: 2/2
   163 | D:2      | 163 ||| UPGRADING to +0 pair of boots.
   168 | D:2      | 168 ||| UPGRADING to +0 ring mail.
   178 | D:2      | 178 ||| DROPPING +0 robe.
   179 | D:2      | 179 ||| DROPPING scroll of poison.
   379 | D:1      | Found a faded altar of an unknown god.
   494 | D:1      | Reached XP level 3. HP: 29/29 MP: 3/3
   777 | D:1      | 777 ||| READING scroll labelled OMIUNE NURUZY.
   780 | D:1      | 780 ||| READING scroll labelled ICOMAA FUM CEOCHIE.
   781 | D:1      | 781 ||| READING 2 scrolls labelled KESOKL DIDDAI.
   833 | D:2      | Reached skill level 4 in Ranged Weapons
   939 | D:2      | Reached skill level 1 in Armour
  1140 | D:2      | Found a burning altar of Makhleb.
  1316 | D:2      | 1316 ||| READING scroll labelled LUEBIESESK.
  1317 | D:2      | 1317 ||| DRINKING 2 murky orange potions.
  1318 | D:2      | 1318 ||| READING 2 scrolls of identify.
  1318 | D:2      | 1318 ||| IDENTIFYING silvery potion
  1355 | D:3      | Found the +6 shillelagh "Devastator" {shatter}
  1382 | D:3      | Found Niss's Magic Scroll Shop.
  1387 | D:3      | 1387 ||| BUYING scroll of brand weapon (133 gold).
  1387 | D:3      | Bought a scroll of brand weapon for 133 gold pieces
  1387 | D:3      | 1387 ||| SHOPLISTING scroll of enchant armour (105 gold,
                  | have 2).
  1387 | D:3      | 1387 ||| SHOPLISTING scroll of identify (28 gold, have 2).
  1387 | D:3      | 1387 ||| SHOPLISTING scroll of teleportation (42 gold, have
                  | 2).
  1387 | D:3      | 1387 ||| READING scroll of brand weapon.
  1387 | D:3      | 1387 ||| BRANDING +1 sling.
  1428 | D:3      | Reached XP level 4. HP: 36/36 MP: 4/4
  1431 | D:3      | 1431 ||| Stepping ~*~*~tactically~*~*~ (outnumbered).
  1459 | D:3      | HP: 9/36 [something/puff of flame (11)]
  1462 | D:3      | HP: 4/36 [something (1)]
  1466 | D:3      | Killed from afar by an orc wizard

Levels and vault maps discovered:
D:1:      tarquinn_simple_flora_water_c, layout_rooms, serial_forest,
          infiniplex_forest_end_3, infiniplex_forest_lined_3,
          infiniplex_forest_lined_room_2, infiniplex_forest_lined_4_way,
          infiniplex_forest_lined_room_2, infiniplex_forest_end_3,
          infiniplex_forest_end_double, infiniplex_forest_diagonal,
          infiniplex_forest_clump_medium, hellmonk_ecumenical_altar_run_dry,
          minmay_split_cup_small
D:2:      layout_loops_ring, basic_altar, minmay_tetromino_o2
D:3:      layout_basic, serial_shops, shop, uniq_natasha

Skill      XL: |  1  2  3 |
---------------+----------+-----
Ranged Weapons | 3 4 |  4.4
Fighting       | 2 |  2.0
Armour         | 1 |  1.1
Dodging        | |  2.1
Spellcasting   | |  1.0
Hexes          | |  2.0

Action                     |  1- 3 |  4- 6 || total
---------------------------+-------+-------++-------
   Fire: Sling             |   130 |    19 ||   149
    Use: Scroll            |     6 |       ||     6
         Potion            |     1 |       ||     1
 Armour: Robe              |     1 |       ||     1
         Ring mail         |    31 |    10 ||    41
  Dodge: Dodged            |    50 |     4 ||    54

Table legend:
 A = Non-vault XP
 B = Vault XP
 C = Vault XP percentage of total XP
 D = Non-vault monster count
 E = Vault monster count
 F = Vault count percentage of total count
                 A         B        C        D         E       F
            +---------+---------+-------+---------+---------+-------
      Total |     101 |       7 |   6.5 |      38 |       4 |   9.5
            +---------+---------+-------+---------+---------+-------
        D:1 |      32 |       5 |  13.5 |      19 |       3 |  13.6
        D:2 |      56 |       2 |   3.4 |      15 |       1 |   6.2
        D:3 |      13 |       0 |   0.0 |       4 |       0 |   0.0
            +---------+---------+-------+---------+---------+-------
